 Dungeon Crawl Stone Soup version 0.30.0-19-g36f170ea60 (webtiles) character file.

Game seed: 9611193083835044860

46 Strat the Firebug (level 3, -6/19 HPs)
             Began as a Tengu Fire Elementalist on June 2, 2023.
             Killed from afar by Sigmund (12 damage)
             ... with a puff of flame
             ... on level 2 of the Dungeon.
             The game lasted 00:03:40 (1498 turns).

Strat the Firebug (Tengu Fire Elementalist)         Turns: 1498, Time: 00:03:41

Health: -6/19      AC:  2    Str:  8    XL:     3   Next: 68%
Magic:  1/7        EV: 12    Int: 17    God:
Gold:   34         SH:  0    Dex: 14    Spells: 3/6 levels left

rFire   . . .        (no weapon)
rCold   . . .        (no shield)
rNeg    . . .        a - +0 robe
rPois   .            (helmet restricted)
rElec   .            (no cloak)
rCorr   .            (no gloves)
SInv    .            (boots unavailable)
Will    .....        (no amulet)
Stlth   ++           (no ring)
HPRegen 0.23/turn    (no ring)
MPRegen 0.10/turn

%: no passive effects
@: no status effects
A: beak, talons 3
a: no special abilities


You were on level 2 of the Dungeon.
You visited 1 branch of the dungeon, and saw 2 of its levels.

You collected 34 gold pieces.

Inventory:

Armour
 a - a +0 robe (worn)
Scrolls
 c - a scroll of noise {unknown}
 e - 3 scrolls of identify {unknown}
 g - a scroll of butterflies {unknown}
 j - a scroll of blinking {unknown}
 l - a scroll of amnesia {unknown}
Potions
 b - a potion of magic
 d - 2 potions of brilliance {unknown}
 f - a potion of curing {unknown}
 h - a potion of ambrosia {unknown}
 i - a potion of invisibility {unknown}
 k - 2 potions of attraction {unknown}


   Skills:
 + Level 0.0 Fighting
 - Level 2.1 Dodging
 - Level 2.0 Stealth
 - Level 2.0 Spellcasting
 * Level 1.5 Conjurations
 * Level 5.0 Fire Magic


You had 3 spell levels left.
You knew the following spells:

 Your Spells              Type           Power      Damage    Failure   Level
a - Foxfire               Conj/Fire      48%        2x1d6     4%          1
b - Scorch                Fire           36%        2d7       3%          2

Your spell library contained the following spells:

 Spells                   Type           Power      Damage    Failure   Level
 Inner Flame              Hex/Fire       10%        N/A       21%         3
 Volatile Blastmotes      Fire/Tloc      20%        2d11      21%         3
 Call Canine Familiar     Summ           1%         N/A       50%         3
 Portal Projectile        Hex/Tloc       2%         N/A       50%         3
 Flame Wave               Conj/Fire      12%        2d6       45%         4
 Leda's Liquefaction      Hex/Erth       0%         N/A       88%         4


Dungeon Overview and Level Annotations

Branches:
Dungeon (2/15)

Altars:

Shops:
D:1 :*

Annotations:
D:2 Sigmund


Innate Abilities, Weirdness & Mutations

You have a beak for a mouth.
You have claws for feet.


Message History

You conjure some foxfire!
Casting: Foxfire (safe; 4% risk of failure)
Confirm with . or Enter, or press ? or * to list all spells.
Flames lash Sigmund.
Sigmund is moderately wounded.
Sigmund's fire resistance burns away.
The foxfire hits Sigmund.
Sigmund is burned terribly!
Sigmund is heavily wounded.
The foxfire hits Sigmund.
Sigmund is burned terribly!
Sigmund is severely wounded.
Sigmund misses you.
Unknown command.
Casting: Scorch (safe; 3% risk of failure)
Confirm with . or Enter, or press ? or * to list all spells.
You don't have enough magic to cast this spell.
Unknown command.
Casting: Scorch (safe; 3% risk of failure)
Confirm with . or Enter, or press ? or * to list all spells.
You don't have enough magic to cast this spell.
Casting: Scorch (safe; 3% risk of failure)
Confirm with . or Enter, or press ? or * to list all spells.
You conjure some foxfire!
Sigmund misses you.
Sigmund is no longer more vulnerable to fire.
The foxfire hits Sigmund but does no damage.
Sigmund is severely wounded.
The foxfire hits Sigmund.
Sigmund is almost dead.
Sigmund barely misses you. Sigmund attacks as you move away!
Sigmund hits you with a +2 scythe of flaming!
* * * LOW HITPOINT WARNING * * *
Sigmund burns you.
* * * LOW HITPOINT WARNING * * *
Sigmund gestures at you while chanting. You resist with significant effort.
There is an open door here.
Sigmund points at you and mumbles some strange words.
The puff of flame hits you!
Ouch! That really hurt!
You die...

#..# #.#.....# .... ...#
#.#..##.### .....S. ##.#.......#
....... #.......##.# ### .......
#........#.# #.## #......
###.#......#.## #..###.....
##....†....##... #......#
#####..#)#.#......#.
#......#######..@..##.#.#.######.
#......@...#.....####.#.#.### #.
#......###@#...#.# #.#.#...# .##
#......# #.#..##.# #.#.###.##.P.
#......# #.#@.##.# #.#.#...## PP
.......# #..>###.# #.#.#.### ##
.......# ##### #.# #.#.#.#
.......# #.# #.#.#.# .......# #.#
#.#...#


You could see Sigmund.

Vanquished Creatures
  An adder (D:2)
  2 dart slugs (D:1)
  An orc (D:2)
  3 bats
  4 endoplasms
  2 giant cockroaches (D:1)
  2 goblins
  5 hobgoblins
  A quokka (D:1)
  4 ball pythons
  A frilled lizard (D:1)
  A kobold (D:2)
  4 rats
31 creatures vanquished.

Vanquished Creatures (others)
  91 foxfires
91 creatures vanquished.

Grand Total: 122 creatures vanquished

Notes
Turn   | Place    | Note
-------+----------+-------------------------------------------
     0 | D:1      | Strat the Tengu Fire Elementalist began the quest for the
                  | Orb.
     0 | D:1      | Reached XP level 1. HP: 10/10 MP: 4/4
    68 | D:1      | Found Futeod's Book Shop.
   256 | D:1      | Reached XP level 2. HP: 15/15 MP: 0/6
   312 | D:1      | Learned a level 2 spell: Scorch
   332 | D:1      | Reached skill level 4 in Fire Magic
   351 | D:1      | Found Munusut's Assorted Antiques.
   889 | D:1      | Reached XP level 3. HP: 19/19 MP: 4/7
   968 | D:1      | You fall into a shaft and drop 1 floor!
  1327 | D:2      | Reached skill level 5 in Fire Magic
  1400 | D:2      | Noticed Sigmund
  1498 | D:2      | Killed from afar by Sigmund

Illustrated notes

Levels and vault maps discovered:
D:1:      psy_arrival_statuary, layout_basic, serial_shops,
          nicolae_book_shop_shelving, shop, hangedman_decor_lopped,
          kennysheep_pointless_box
D:2:      layout_basic, basic_altar, serial_aquarium, aquarium_bridge_square
          [aquarium_subvault_wall, aquarium_subvault_balcony,
          aquarium_subvault_bridge, aquarium_subvault_window],
          aquarium_window_1, aquarium_window_3, aquarium_window_fake,
          aquarium_view_2d, aquarium_view_2g, aquarium_balcony_1a, uniq_sigmund

Skill      XL: |  1  2  3 |
---------------+----------+-----
Fire Magic     | 4 5 |  5.0
Dodging        | |  2.1
Stealth        | |  2.0
Spellcasting   | |  2.0
Conjurations   | |  1.5

Action                     || total
---------------------------++-------
  Melee: Unarmed           ||     2
         Kick              ||     1
   Cast: Foxfire           ||    56
         Scorch            ||     7
 Armour: Robe              ||     2
  Dodge: Dodged            ||    18
